 Dungeon Crawl Stone Soup version 0.27-a0-1308-gc08437e49b (webtiles) character file.

Game seed: 12121181298803397450

165 hunterBerkeley the Magician (level 5, -8/35 HPs)
             Began as a Djinni Fire Elementalist on June 18, 2021.
             Killed from afar by Ijyb (12 damage)
             ... with a bolt of acid
             ... on level 3 of the Dungeon.
             The game lasted 00:09:20 (2022 turns).

hunterBerkeley the Magician (DjFE)                  Turns: 2022, Time: 00:09:21

Health: -8/35      AC:  2    Str:  7    XL:     5   Next: 74%
Gold:   259        EV: 12    Int: 17    God:
                   SH:  0    Dex: 14

rFire    + + .     SeeInvis .   (no weapon)
rCold    x . .     Faith    .   (no shield)
rNeg     . . .     Spirit   .   a - +0 robe
rPois    ∞         Reflect  .   (no helmet)
rElec    .         Harm     .   (no cloak)
rCorr    .         Rampage  .   (no gloves)
Will     .....                  (boots unavailable)
Stlth    ++........             d - amulet of regeneration
HPRegen  1.11/turn              (no ring)
MPRegen  0.00/turn              (no ring)

@: flying
A: sickness immunity, fire resistance 2, cold vulnerability 1, float, innate
caster, hp casting, extra vitality 1
a: no special abilities


You were on level 3 of the Dungeon.
You visited 1 branch of the dungeon, and saw 3 of its levels.

You collected 259 gold pieces.

Inventory:

Armour
 a - a +0 robe (worn)
Jewellery
 d - an amulet of regeneration (around neck)
Scrolls
 g - a scroll of enchant armour {unknown}
 i - a scroll of teleportation {unknown}
 j - a scroll of blinking {unknown}
Potions
 b - a potion of attraction {unknown}
 c - a potion of curing {unknown}
 e - a potion of heal wounds {unknown}
 f - a potion of haste {unknown}
 h - a potion of degeneration {unknown}


   Skills:
 + Level 0.1 Fighting
 + Level 2.4 Dodging
 + Level 1.9 Stealth
 + Level 4.4 Spellcasting


You couldn't memorise any spells.
You knew the following spells:

 Your Spells              Type           Power      Damage    Failure   Level
a - Foxfire               Conj/Fire      72%        2x1d7     2%          1
b - Conjure Flame         Conj/Fire      18%        6-21      8%          3
c - Inner Flame           Hex/Fire       18%        N/A       8%          3
d - Sticky Flame          Conj/Fire      18%        2d4       24%         4
e - Fireball              Conj/Fire      9%         3d6       56%         5
f - Summon Small Mammal   Summ           72%        N/A       2%          1
g - Blink                 Tloc           N/A        N/A       3%          2
Your spell library was empty.

Dungeon Overview and Level Annotations

Branches:
Dungeon (3/15)

Altars:
Okawaru
Zin

Annotations:
D:3 Ijyb


Innate Abilities, Weirdness & Mutations

You are immune to sickness and miasma.
You are immune to poison.
Your flesh is very heat resistant. (rF++)
You are vulnerable to cold. (rC-)
You float through the air rather than walking.
You learn spells naturally, not from books.
Your magical power is your life essence.
You have superior vitality. (+4 HP)


Message History

You miscast Foxfire.
You are very lightly contaminated with residual magic.
Nothing appears to happen.
The foxfire hits Ijyb but does no damage. x2
The foxfire hits Ijyb.
Ijyb is lightly wounded.
Casting: Foxfire (safe; 2% risk of failure)
Confirm with . or Enter, or press ? or * to list all spells.
You conjure some foxfire!
The foxfire hits Ijyb.
Ijyb is moderately wounded.
Ijyb zaps a wand.
The bolt of acid hits you! The acid corrodes you!
You are splashed with acid!
* * * LOW HITPOINT WARNING * * *
The bolt of acid hits your foxfire!!
Your foxfire is splashed with acid.
The acid corrodes your foxfire!
Your magical contamination has completely faded away.
You are no longer corroded.
Ijyb screams, "I cut your head off!"
Ijyb zaps a wand.
The bolt of acid misses you.
Casting: Foxfire (safe; 2% risk of failure)
Confirm with . or Enter, or press ? or * to list all spells.
You conjure some foxfire!
The foxfire hits Ijyb.
Ijyb is moderately wounded.
The foxfire hits Ijyb.
Ijyb is moderately wounded.
Casting: Foxfire (safe; 2% risk of failure)
Confirm with . or Enter, or press ? or * to list all spells.
You conjure some foxfire!
Your foxfire dissipates!
The foxfire hits Ijyb but does no damage.
Ijyb is moderately wounded.
Ijyb grins evilly.
Ijyb screams, "You nasty!
Big nasty!"
Ijyb zaps a wand.
The bolt of acid hits you!!
Ouch! That really hurt!
You are splashed with acid!
* * * LOW HITPOINT WARNING * * *
Ijyb zaps a wand.
The bolt of acid hits you!
You die...

#...# ##8###8#
#......# ######
#############.## #.#
##.......# #g# #.#
#........# #.# #.#
#..####..#####.#
#.###.........g....#
#............#######
#####..#.....#
#....@...#
#.......## ##.####.#
#......# ########


You could see Ijyb.

Vanquished Creatures
  A scorpion (D:2)
  A jelly (D:3)
  Natasha (D:3)
  An adder (D:3)
  A dart slug (D:2)
  3 ball pythons (D:1)
  6 endoplasms
  A giant cockroach (D:2)
  2 goblins (D:3)
  2 hobgoblins
  6 jackals
  2 quokkas
  2 bats
  A frilled lizard (D:1)
  4 kobolds
  4 rats
38 creatures vanquished.

Vanquished Creatures (others)
  349 foxfires
  8 fungi (D:3)
  3 toadstools (D:3)
360 creatures vanquished.

Grand Total: 398 creatures vanquished

Notes
Turn   | Place    | Note
-------+----------+-------------------------------------------
     0 | D:1      | hunterBerkeley the Djinni Fire Elementalist began the quest
                  | for the Orb.
     0 | D:1      | Reached XP level 1. HP: 15/15 MP: 0/0
   503 | D:1      | Reached XP level 2. HP: 21/21 MP: 0/0
   618 | D:1      | Found a faded altar of an unknown god.
   877 | D:2      | Reached skill level 3 in Spellcasting
   973 | D:2      | Reached XP level 3. HP: 25/25 MP: 0/0
   973 | D:2      | Learned a level 1 spell: Summon Small Mammal
   987 | D:2      | Found an iron altar of Okawaru.
  1351 | D:2      | Noticed a scorpion
  1377 | D:2      | Killed a scorpion
  1378 | D:2      | Reached XP level 4. HP: 17/31 MP: 0/0
  1646 | D:3      | Found a glowing silver altar of Zin.
  1746 | D:3      | Noticed Natasha
  1749 | D:3      | Reached skill level 4 in Spellcasting
  1749 | D:3      | Reached XP level 5. HP: 35/35 MP: 0/0
  1749 | D:3      | Learned a level 2 spell: Blink
  1758 | D:3      | Killed Natasha
  1987 | D:3      | Noticed Ijyb
  2020 | D:3      | HP: 1/35 [acid (12)]
  2022 | D:3      | Killed from afar by Ijyb

Illustrated notes

Levels and vault maps discovered:
D:1:      nagdon_arrival_double_spiral, layout_rooms,
          chequers_ecumenical_altar_simple_redux
D:2:      layout_basic, basic_altar
D:3:      layout_loops_cross, nicolae_overflow_hidden_temple,
          grunt_ministairs_7, minmay_gold_behind_fungi,
          chequers_serial_rivers_small_a, uniq_grinder, uniq_ijyb, uniq_natasha

Skill      XL: |  1  2  3  4 |
---------------+-------------+-----
Spellcasting   | 3 4 |  4.4
Fighting       | |  0.1
Dodging        | |  2.4
Stealth        | |  1.9

Action                   |  1- 3 |  4- 6 || total
-------------------------+-------+-------++-------
Melee: Unarmed           |       |     7 ||     7
 Cast: Foxfire           |   138 |    83 ||   221
Armor: Robe              |     2 |     4 ||     6
Dodge: Dodged            |     5 |    14 ||    19

Table legend: (Time is in decaauts)
 A = Elapsed time spent in this place.
 B = Non-inter-level travel time spent in this place.
 C = Inter-level travel time spent in this place.
 D = Time resting spent in this place.
 E = Time spent auto-exploring this place.
 F = Levels seen in this place.
 G = Mean time per level.
                   A        B        C        D        E       F      G
               +--------+--------+--------+--------+--------+-----+--------+
         Total |   2021 |   1992 |     29 |      0 |   1091 |   3 |  673.7 |
       Dungeon |   2021 |   1992 |     29 |      0 |   1091 |   3 |  673.7 |
               +--------+--------+--------+--------+--------+-----+--------+

Top non-repeatable levels by time:
     D:2: 793 daAuts
     D:1: 784 daAuts
     D:3: 443 daAuts
